 Dungeon Crawl Stone Soup version 0.30.1-4-g462c640d31 (webtiles) character file.

Game seed: 14025421788222106837

4472 lonewolfV2 the Chopper (level 10, -17/80 HPs)
             Began as a Demonspawn Fighter on Aug 25, 2023.
             Was a Believer of Makhleb.
             Killed from afar by an acid dragon (28 damage)
             ... with a splash of acid
             ... on level 9 of the Dungeon.
             The game lasted 00:10:10 (8505 turns).

lonewolfV2 the Chopper (Demonspawn Fighter)         Turns: 8505, Time: 00:10:11

Health: -17/80     AC:  9    Str: 29    XL:     10   Next: 15%
Magic:  10/10      EV:  5    Int:  9    God:    Makhleb [**....]
Gold:   450        SH: 12    Dex: 13    Spells: 9/9 levels left

rFire   . . .        C - +1 whip "Vaputad" {flame, *Rage rPois Str+2}
rCold   + + .        c - +1 buckler
rNeg    . . .        p - +0 gold dragon scales
rPois   +            (no helmet)
rElec   .            (no cloak)
rCorr   .            (no gloves)
SInv    .            (no boots)
Will    .....        q - amulet of reflection Stlth
                     F - ring of ice
HPRegen 0.33/turn    G - +6 ring of strength
MPRegen 0.12/turn

%: random rage (20%), reflection
@: corroded
A: rugged brown scales 2, powered by death 1, spiny 2, weakness stinger 1
a: Renounce Religion, Minor Destruction


You were on level 9 of the Dungeon.
You worshipped Makhleb.
Makhleb was pleased with you.
You visited 2 branches of the dungeon, and saw 11 of its levels.
You also visited: Ossuary.

You collected 450 gold pieces.

Inventory:

Hand Weapons
 a - a +0 war axe of draining
 C - the +1 whip "Vaputad" (weapon) {flame, *Rage rPois Str+2}
   (You found it on level 7 of the Dungeon)

   Str:       It affects your strength (+2).
   rPois:     It protects you from poison.
   *Rage:     It berserks you when you make melee attacks (+20% chance).
Armour
 b - a +0 scale mail
 c - a +1 buckler (worn)
 p - +0 gold dragon scales (worn)
Jewellery
 e - a ring of wizardry
 q - an amulet of reflection (around neck)
 F - a ring of ice (left hand)
 G - a +6 ring of strength (right hand)
Wands
 l - a wand of acid (12)
 n - a wand of roots (15)
 D - a wand of flame (27)
 H - a wand of charming (6)
Scrolls
 g - 7 scrolls of teleportation
 i - 2 scrolls of brand weapon
 s - 3 scrolls of poison
 t - 2 scrolls of magic mapping
 y - a scroll of fog {unknown}
 A - 3 scrolls of blinking
 B - a scroll of enchant armour
 E - 4 scrolls of identify
Potions
 d - 2 potions of might
 f - 2 potions of heal wounds
 h - a potion of curing
 j - 2 potions of flight
 k - a potion of brilliance {unknown}
 m - 2 potions of lignification
 o - a potion of ambrosia {unknown}
 r - 2 potions of mutation {unknown}
 u - 4 potions of haste
 v - 2 potions of degeneration {unknown}
 w - a potion of resistance {unknown}
 x - 2 potions of invisibility {unknown}
 z - 2 potions of magic {unknown}


   Skills:
 + Level 6.5 Fighting
 + Level 7.3(7.8) Axes
 + Level 3.9(6.1) Maces & Flails
 + Level 7.1 Armour
 + Level 0.1 Dodging
 + Level 1.4 Stealth
 + Level 7.1 Shields


You had 9 spell levels left.
You didn't know any spells.
Your spell library contained the following spells:

 Spells                   Type           Power      Damage    Failure   Level
 Apportation              Tloc           0%         N/A       100%        1
 Magic Dart               Conj           0%         1d3       100%        1
 Necrotise                Necr           0%         1d4       100%        1
 Summon Small Mammal      Summ           0%         N/A       100%        1
 Blink                    Tloc           0%         N/A       100%        2
 Call Imp                 Summ           0%         N/A       100%        2
 Mephitic Cloud           Conj/Pois/Air  0%         N/A       100%        3
 Manifold Assault         Tloc           0%         N/A       100%        4
 Petrify                  Tmut/Erth      0%         N/A       100%        4
 Metabolic Englaciation   Hex/Ice        0%         N/A       100%        5
 Statue Form              Tmut/Erth      0%         N/A       100%        6
 Storm Form               Tmut/Air       0%         N/A       100%        7
 Borgnjor's Revivificati  Necr           0%         N/A       100%        8
 Necromutation            Tmut/Necr      0%         N/A       100%        8
 Death's Door             Necr           0%         N/A       100%        9


Dungeon Overview and Level Annotations

Branches:
Dungeon (10/15)            Temple (1/1) D:4         Ossuary (visited)
   Lair: D:8-11         Orc: D:9-12

Altars:
Ashenzari
Cheibriados
Dithmenos
Fedhas
Gozag
Hepliaklqana
Kikubaaqudgha
Makhleb
Nemelex Xobeh
Okawaru
Qazlal
Ru
Sif Muna
Uskayaw
Wu Jian
Xom
Yredelemnul

Shops:
D:6 (   D:7 ?   D:8 [*   D:10 [

Annotations:
D:9 2 transporters, exclusion: obsidian statue


Innate Abilities, Weirdness & Mutations

You are mostly covered in rugged brown scales. (AC +2, +5% HP)
You regenerate a little health from kills.
You are mostly covered in sharp spines.
You have a small tail.


Message History

You hit the acid dragon but do no damage.
The acid dragon is heavily wounded.
The acid dragon closely misses you. The acid dragon claws you.
You hit the acid dragon. You burn the acid dragon.
Your tail-slap misses the acid dragon.
The acid dragon is severely wounded.
The acid dragon is struck by your spines.
You kill the acid dragon!
Makhleb accepts your kill.
You feel better.
You hit the orc. You burn the orc.
The orc is severely wounded.
You closely miss the orc.
The orc is severely wounded.
The orc is struck by your spines.
You kill the orc!
Makhleb accepts your kill.
You feel better.
Unknown command.
The acid dragon spits acid at you. The splash of acid hits you!!
Things that are here:
a +0 dagger; an orc corpse The acid dragon bites you!
* * * LOW HITPOINT WARNING * * *
You block the acid dragon's attack.
There is a stone staircase leading up here.
You block the acid dragon's attack.
The acid dragon claws you but does no damage.
You climb upwards.
Level annotation: 2 transporters, exclusion: obsidian statue
There is a stone staircase leading down here.
The acid dragon bites you!
* * * LOW HITPOINT WARNING * * *
The acid dragon claws you.
* * * LOW HITPOINT WARNING * * *
You hit the acid dragon but do no damage.
The acid dragon spits acid at you. The splash of acid hits you!!
You die...

###...............##...'#.#'...##
#...###########..#####...#####.
#...'.........#........⌠.......
#...'.........#..#####...#####.
#...#.........#.##...'#.#')..##
#...#.........#.#.8...#.#)).8.#
#...###########.#.._..#.#.._..#
###...........D.#.8.8.#.#.8.8.#
#.##'####...@>##...##.##...##
#.#.<...#.....######...######
#.#.....#.....#....#''##....#
#.#.....#.....#.............#
#.#.....#.....#.............#
#.#.....#.....#.............#
#.#.....#.....#.............#
#.#######.....###############
#............................


You could see an acid dragon (catching breath).

Vanquished Creatures
  A hornet (D:9)
  3 wyverns
  4 yaks (D:9)
  Menkaure (D:7)
  An acid dragon (D:10)
  A water moccasin (D:5)
  3 ice beasts (D:6)
  A black bear (D:7)
  A sky beast (D:7)
  2 orc warriors (D:9)
  2 ogres
  3 centaurs
  2 phantoms
  A gnoll sergeant (D:7)
  A bullfrog (D:8)
  2 scorpions
  5 wights (D:8)
  6 killer bees (D:9)
  A howler monkey (D:5)
  A centaur zombie (Ossuary)
  4 hounds
  5 orc priests
  A sleepcap (D:4)
  3 jellies
  Ijyb (D:5)
  10 orc wizards
  6 mummies (Ossuary)
  5 adders
  6 gnolls
  A shadow imp (D:7)
  A white imp (D:6)
  An ufetubus (D:4)
  6 worms
  A dart slug (D:2)
  20 orcs
  3 ball pythons
  5 endoplasms
  2 giant cockroaches
  2 goblins (D:4)
  5 hobgoblins
  2 jackals (D:3)
  3 quokkas (D:1)
  A bat (D:2)
  2 frilled lizards (D:2)
  5 hobgoblin zombies (Ossuary)
  5 kobolds
  4 rats
152 creatures vanquished.

Notes
Turn   | Place    | Note
-------+----------+-------------------------------------------
     0 | D:1      | lonewolfV2 the Demonspawn Fighter began the quest for the
                  | Orb.
     0 | D:1      | Reached XP level 1. HP: 18/18 MP: 1/1
    34 | D:1      | Found a faded altar of an unknown god.
   406 | D:1      | Gained mutation: You regenerate a little health from kills.
                  | [demonic ancestry]
   406 | D:1      | Reached XP level 2. HP: 24/24 MP: 2/2
  1315 | D:2      | Gained mutation: You are partially covered in sharp spines.
                  | [demonic ancestry]
  1315 | D:2      | Reached XP level 3. HP: 28/29 MP: 3/3
  2242 | D:4      | Reached skill level 1 in Stealth
  2242 | D:4      | Gained mutation: You are mostly covered in sharp spines.
                  | [demonic ancestry]
  2242 | D:4      | Reached XP level 4. HP: 26/35 MP: 4/4
  2251 | D:4      | Reached XP level 5. HP: 33/41 MP: 5/5
  2638 | D:4      | Gained mutation: You have a small tail. [demonic ancestry]
  2638 | D:4      | Reached XP level 6. HP: 48/48 MP: 6/6
  2887 | D:4      | Found a staircase to the Ecumenical Temple.
  3313 | Temple   | Entered the Ecumenical Temple
  3356 | Temple   | Became a worshipper of Makhleb the Destroyer
  3407 | D:5      | Entered Level 5 of the Dungeon
  3407 | D:5      | Noticed a water moccasin
  3411 | D:5      | Killed a water moccasin
  3412 | D:5      | Gained mutation: You are partially covered in rugged brown
                  | scales. (AC +1, +3% HP) [demonic ancestry]
  3412 | D:5      | Reached XP level 7. HP: 48/55 MP: 7/7
  3445 | D:5      | Noticed Ijyb
  3453 | D:5      | Killed Ijyb
  3499 | D:5      | Reached skill level 5 in Axes
  3800 | D:5      | Found a sand-covered staircase.
  3872 | Ossuary  | Entered an ossuary
  4486 | D:6      | Gained mutation: You are mostly covered in rugged brown
                  | scales. (AC +2, +5% HP) [demonic ancestry]
  4486 | D:6      | Reached XP level 8. HP: 48/64 MP: 8/8
  4636 | D:6      | Reached skill level 5 in Fighting
  4737 | D:6      | Found a shimmering altar of Xom.
  4910 | D:6      | Reached skill level 5 in Armour
  4959 | D:6      | Found Boemm's Weapon Emporium.
  5286 | D:7      | Noticed Menkaure
  5295 | D:7      | Killed Menkaure
  5296 | D:7      | Found Ugiluh's Magic Scroll Boutique.
  5304 | D:7      | Identified the +1 whip "Vaputad" {flame, *Rage rPois Str+2}
  5553 | D:7      | Reached * piety under Makhleb
  5554 | D:7      | Reached skill level 5 in Shields
  5599 | D:7      | Reached skill level 1 in Maces & Flails
  5599 | D:7      | Reached XP level 9. HP: 31/72 MP: 9/9
  6537 | D:8      | Found Zygaf's General Store.
  7077 | D:8      | Found Geolues's Antique Armour Shop.
  7406 | D:9      | Found an ornate altar of the Wu Jian Council.
  7465 | D:9      | Noticed a centaur warrior
  7467 | D:9      | Noticed a cyclops
  7468 | D:9      | Found a transporter.
  7468 | D:9      | Found a transporter.
  7468 | D:9      | Noticed an obsidian statue
  7468 | D:9      | Noticed a glowing orange brain
  7468 | D:9      | Noticed a meliai
  7468 | D:9      | Noticed a white ugly thing
  7469 | D:9      | Noticed a manticore
  7853 | D:9      | Found an ancient bone altar of Kikubaaqudgha.
  7871 | D:9      | Found a sacrificial altar of Ru.
  7874 | D:9      | Found a broken altar of Ashenzari.
  7877 | D:9      | Found an opulent altar of Gozag.
  7937 | D:9      | Reached ** piety under Makhleb
  8371 | D:9      | Reached XP level 10. HP: 80/80 MP: 10/10
  8489 | D:10     | Entered Level 10 of the Dungeon
  8489 | D:10     | Found Vahey's Antique Armour Shop.
  8505 | D:9      | Killed from afar by an acid dragon

Illustrated notes

Levels and vault maps discovered:
D:1:      lightli_iron_boxes, layout_basic,
          chequers_ecumenical_altar_simple_redux
D:2:      layout_rooms, amcnicky_mini_corridor_feature, dk_noncrumbling_2,
          due_unseen_surprise
D:3:      layout_basic
D:4:      layout_cave_pods, temple_doors_e
D:5:      layout_rooms, enter_ossuary_2, uniq_ijyb
D:6:      layout_gridville, mainiacjoe_overflow_surrounded_room, serial_shops,
          nicolae_shop_statue_plus, hangedman_abyss_or_decor_passed
D:7:      layout_basic, serial_shops, shop, corner_web_ring, uniq_menkaure
D:8:      layout_loops_corners, serial_shops, nicolae_take_the_stairs, shop
D:9:      gammafunk_sealed_arena, layout_irregular_city, kennysheep_mini,
          grunt_temple_overflow_cloverleaf, minmay_misc_feat_nine_boxes
D:10:     layout_loops_ring, serial_glass, glass_columns_b, glass_columns_c,
          serial_shops, shop
Temple:   nicolae_temple_x_marks_the_god

Skill      XL: |  1  2  3  4  5  6  7  8  9 10 |
---------------+-------------------------------+-----
Axes           | 2 3 4 5 7 |  7.3
Armour         | 3 4 5 6 7 |  7.1
Stealth        | 1 |  1.4
Shields        | 3 4 5 6 7 |  7.1
Fighting       | 4 5 6 |  6.5
Maces & Flails | 1 3 |  3.9
Dodging        | |  0.1

Action                     |  1- 3 |  4- 6 |  7- 9 | 10-12 || total
---------------------------+-------+-------+-------+-------++-------
  Melee: War axe           |    95 |    54 |    93 |       ||   242
         Tailslap          |       |     4 |    45 |     4 ||    53
         Whip              |       |       |   167 |    21 ||   188
    Use: Scroll            |     6 |     4 |     4 |       ||    14
         Potion            |       |       |     7 |       ||     7
 Armour: Scale mail        |    33 |       |       |       ||    33
         Gold dragon scale |     8 |    37 |   164 |     7 ||   216
  Dodge: Dodged            |    39 |     2 |    39 |     5 ||    85
  Block: Buckler           |    28 |    23 |   199 |    12 ||   262
         Reflection        |       |       |     9 |       ||     9
